 Dungeon Crawl Stone Soup version 0.21.1-1-g345015f (webtiles) character file.

121 gyp21 the Magician (level 4, -1/33 HPs)
             Began as a Mummy Fire Elementalist on Feb 12, 2018.
             Slain by Autsider's ghost (10 damage)
             ... on level 3 of the Dungeon.
             The game lasted 00:11:00 (4890 turns).

gyp21 the Magician (Mummy Fire Elementalist)        Turns: 4890, Time: 00:11:01

Health: -1/33      AC:  4    Str: 11    XL:     4   Next: 76%
Magic:  4/18       EV: 12    Int: 15    God:
Gold:   206        SH:  0    Dex: 12    Spells: 2/10 levels left

rFire    x . .     SeeInvis .   e - +0 whip (venom)
rCold    + . .     Gourm    .   (no shield)
rNeg     + + +     Faith    .   a - +0 robe
rPois    ∞         Spirit   .   (no helmet)
rElec    .         Reflect  .   g - +0 cloak
rCorr    .         Harm     .   l - +0 pair of gloves
MR       .....                  (no boots)
Stlth    ++........             (no amulet)
HPRegen  0.11/turn              f - ring of magical power
MPRegen  0.16/turn              j - ring of wizardry

@: no status effects
A: no food or potions, fire vulnerability, cold resistance 1, negative energy
resistance 3, torment resistance, unbreathing
a: no special abilities


You were on level 3 of the Dungeon.
You were not hungry.

You visited 1 branch of the dungeon, and saw 4 of its levels.

You collected 206 gold pieces.

Inventory:

Hand Weapons
 e - a +0 whip of venom (weapon)
 m - a +3 hand axe of chopping
Armour
 a - a +0 robe (worn)
 g - a +0 cloak (worn)
 l - a +0 pair of gloves (worn)
Jewellery
 f - a ring of magical power (left hand)
 j - a ring of wizardry (right hand)
Scrolls
 c - 2 scrolls of magic mapping {unknown}
 d - a scroll of teleportation {unknown}
 h - 2 scrolls of amnesia {unknown}
 i - a scroll of blinking {unknown}
 k - a scroll of remove curse {unknown}
Books
 b - a book of Flames

   Spells                             Type                      Level
   a - Flame Tongue                   Conjuration/Fire             1
   b - Throw Flame                    Conjuration/Fire             2
   c - Conjure Flame                  Conjuration/Fire             3
   d - Inner Flame                    Hexes/Fire                   3
   e - Sticky Flame                   Conjuration/Fire             4
   f - Fireball                       Conjuration/Fire             5


   Skills:
 + Level 1.7 Fighting
 + Level 2.3 Dodging
 - Level 1.5 Stealth
 + Level 3.7 Spellcasting
 + Level 1.6 Conjurations
 + Level 3.0 Fire Magic


You had 2 spell levels left.
You knew the following spells:

 Your Spells              Type           Power        Failure   Level  Hunger
a - Flame Tongue          Conj/Fire      #....        2%          1    N/A
b - Conjure Flame         Conj/Fire      #.......     9%          3    N/A
c - Sticky Flame          Conj/Fire      #.......     26%         4    N/A

Dungeon Overview and Level Annotations

Branches:
Dungeon (4/15)
 Temple: D:4-7

Altars:

Annotations:
D:3 Autsider's ghost, amateur MiMo


Innate Abilities, Weirdness & Mutations

You do not eat or drink.
Your flesh is vulnerable to fire.
You are immune to poison.
Your flesh is cold resistant. (rC+)
You are immune to negative energy. (rN+++)
You are immune to unholy pain and torment.
You can survive without breathing.


Message History

Casting: Flame Tongue
Confirm with . or Enter, or press ? or * to list all spells.
Aiming: Flame Tongue
Press: ? - help, Shift-Dir - straight line, f/p - Autsider's ghost
Aim: Autsider's ghost (flame, severely damaged)
The flame tongue hits Autsider's ghost.
Autsider's ghost resists.
Autsider's ghost is severely damaged.
Autsider's ghost is engulfed in blazing flames.
Autsider's ghost hits you!
* * * LOW HITPOINT WARNING * * *
Casting: Flame Tongue
Confirm with . or Enter, or press ? or * to list all spells.
Aiming: Flame Tongue
Press: ? - help, Shift-Dir - straight line, f/p - Autsider's ghost
Aim: Autsider's ghost (flame, almost destroyed)
The flame tongue hits Autsider's ghost.
Autsider's ghost appears unharmed.
Autsider's ghost is almost destroyed.
Autsider's ghost is engulfed in blazing flames.
Autsider's ghost hits you!
You die...

##.## #...#.#.....# #.#[. #..#
#..%#.#.###.# #.#..
#######.####...#.#...#.# #.#..
W..............#.#<#.#.# #.#..
####.....###..##.....#.# #.#..
#....W...........#.#.######.#..
#.......##.......(........#.#..
###.#####.###.####.#..........#..
..#.#..........W@..#.#......###..
..#.#.###.###.#################..
....#.# #.....# #...............
W.###.# #..##.# ##.#############.
..# #.###...#.# #................
### #.....#.#.# ###############..
###########...# #...
....(.........################..#
###########.................##..#


You could see Autsider's ghost.

Vanquished Creatures
  5 adders
  2 worms
  2 dart slugs (D:1)
  5 leopard geckos
  5 bats
  2 giant cockroaches
  6 goblins
  4 hobgoblins
  14 jackals
  4 kobolds
  A quokka (D:2)
  2 ball pythons (D:2)
  2 frilled lizards
  2 rats
56 creatures vanquished.

Notes
Turn   | Place    | Note
-------+----------+-------------------------------------------
     0 | D:1      | gyp21 the Mummy Fire Elementalist began the quest for the Orb.
     0 | D:1      | Reached XP level 1. HP: 13/13 MP: 4/4
   704 | D:1      | Reached skill level 1 in Conjurations
   704 | D:1      | Reached XP level 2. HP: 20/20 MP: 5/5
  1340 | D:2      | Reached skill level 1 in Fighting
  1340 | D:2      | Reached XP level 3. HP: 26/26 MP: 7/7
  2222 | D:2      | Learned a level 3 spell: Conjure Flame
  2323 | D:2      | Reached XP level 4. HP: 22/32 MP: 9/9
  2421 | D:2      | Learned a level 4 spell: Sticky Flame
  2880 | D:3      | Noticed Autsider's ghost (amateur MiMo)
  4890 | D:3      | Slain by Autsider's ghost

Skill      XL: |  1  2  3  4 |
---------------+-------------+-----
Conjurations   | 1 |  1.6
Spellcasting   | 3 |  3.7
Fighting       | 1 |  1.7
Dodging        | 2 |  2.3
Fire Magic     | 3 |  3.0
Stealth        | |  1.5

Action                   |  1- 3 |  4- 6 || total
-------------------------+-------+-------++-------
Melee: Whip              |    29 |    31 ||    60
 Cast: Flame Tongue      |    53 |    59 ||   112
       Conjure Flame     |       |     3 ||     3
 Stab: Sleeping          |     3 |     1 ||     4
Armor: Robe              |     8 |    10 ||    18
Dodge: Dodged            |    46 |    36 ||    82
